Map: Torres Crepusculares

Players

JimRising

  • Race: Zerg Zerg
  • League: Grandmaster

Light (SpeCial) - Winner!

  • Race: Terran Terran
  • League: Master

Event: Copa America 2016 Season 1

VOD

Have the link to the VOD?

Description

Time

  • Played on: Feb. 16, 2016, 5:31 p.m.
  • Length: 10:35

All games in this series

Show
View Real Time Build Order
Export as new Build Order

JimRising Zerg 

Build Orders: Hatch First, Roach Nydus 

Get SALT Encoding   

  12  0:01  Drone  
  13  0:12  Overlord  
  13  0:18  Drone  
  14  0:31  Drone x2  
  14  0:34  Drone  
  17  0:54  Drone  
  17  0:56  Hatchery  
  17  1:00  Drone  
  17  1:01  Extractor  
  17  1:14  Spawning Pool  
  17  1:18  Drone  
  17  1:20  Drone  
  18  1:28  Drone  
  19  1:38  Overlord  
  19  2:01  Queen  
  19  2:02  Zergling x4  
  19  2:04  Metabolic Boost  
  19  2:07  Queen  
  19  2:08  Zergling x2  
  26  2:14  Drone  
  27  2:18  Drone  
  28  2:23  Drone  
  29  2:35  Drone x2  
  30  2:49  Drone  
  30  2:50  Lair, Queen  
  33  2:52  Overlord  
  33  2:53  Drone  
  33  2:57  Drone  
  35  3:01  Drone  
  36  3:10  Extractor  
  36  3:12  Drone x3  
  38  3:13  Drone  
  38  3:14  Drone  
  40  3:20  Overlord  
  40  3:21  Drone x2  
  42  3:33  Drone x2  
  44  3:34  Overlord  
  44  3:42  Roach Warren  
  44  3:46  Extractor  
  44  3:47  Drone x2  
  44  3:50  Drone  
  45  4:01  Zergling x4  
  45  4:02  Zergling x2  
  48  4:03  Nydus Network  
  48  4:04  Overlord  
  47  4:14  Overlord  
  47  4:18  Overseer  
  47  4:25  Overlord  
  47  4:26  Roach x3  
  47  4:27  Roach  
  55  4:37  Roach x2  
  59  4:39  Nydus Canal  
  59  4:43  Queen  
  59  4:44  Roach  
  59  4:45  Roach  
  65  4:47  Roach  
  65  4:51  Overlord  
  67  5:07  Nydus Canal  
  67  5:11  Roach x3  
  73  5:17  Overlord x2  
  61  5:37  Roach x4  
  61  5:41  Zergling x4  
  71  5:56  Roach x3  
  71  5:57  Roach  
  73  6:03  Roach x2  
  77  6:04  Queen  
  77  6:14  Drone  
  77  6:17  Queen  
  76  6:18  Hatchery, Drone  
  76  6:28  Overlord  
  76  6:30  Spire, Extractor  
  74  6:38  Drone x2  
  76  6:51  Drone  
  72  7:01  Drone x3  
  74  7:04  Drone x2  
  52  7:36  Drone  
  53  7:38  Drone x3  
  53  7:39  Overlord  
  53  7:44  Mutalisk x4  
  56  7:45  Mutalisk  
  56  7:49  Mutalisk  
  68  7:51  Mutalisk  
  68  7:55  Zerg Flyer Weapons Level 1  
  68  7:57  Mutalisk  
  72  7:59  Mutalisk  
  72  8:01  Drone x4  
  72  8:02  Drone  
  72  8:03  Drone  
  72  8:04  Drone x3  
  83  8:08  Mutalisk  
  85  8:13  Drone x2  
  85  8:15  Drone  
  85  8:19  Hatchery  
  87  8:23  Evolution Chamber  
  87  8:24  Mutalisk, Evolution Chamber  
  87  8:34  Zergling x8  
  90  8:37  Extractor, Zergling x6  
  90  8:39  Zergling x2, Extractor  
  91  8:45  Zergling x6  
  91  8:46  Zergling x2  
  93  8:48  Overlord  
  92  9:07  Mutalisk x3  
  92  9:08  Zergling x2  
  92  9:09  Zergling x14  
  94  9:12  Mutalisk  
  62  9:24  Mutalisk x2  
  62  9:25  Mutalisk  
  59  9:34  Drone x2  
  59  9:35  Drone  
  59  9:38  Mutalisk  
  61  9:40  Zergling x4  
  61  9:45  Zergling x6  
  68  9:50  Mutalisk  
  68  9:51  Zergling x2  
  70  10:00  Zergling x8  
  70  10:05  Mutalisk  
  70  10:07  Zergling x4  
Show
View Real Time Build Order
Export as new Build Order

Light Terran - Winner!

Build Orders: Liberator Opening, Reaper Expand, MMM Bio 

Get SALT Encoding   

  12  0:01  SCV  
  13  0:13  SCV  
  14  0:17  Supply Depot  
  14  0:25  SCV  
  15  0:39  SCV  
  15  0:40  Barracks  
  16  0:44  Refinery  
  16  0:51  SCV  
  17  1:03  SCV  
  18  1:15  SCV  
  19  1:28  Orbital Command  
  19  1:29  Reaper  
  20  1:40  Command Center  
  20  1:51  Supply Depot  
  20  1:54  SCV  
  21  2:01  Marine  
  22  2:06  Factory, SCV  
  23  2:16  Refinery  
  23  2:18  SCV  
  24  2:23  Barracks Reactor  
  24  2:30  SCV  
  25  2:42  SCV  
  26  2:52  Orbital Command  
  26  2:54  SCV, Starport  
  29  3:05  Hellion  
  29  3:06  SCV, Hellion  
  29  3:09  Barracks Tech Lab  
  32  3:18  SCV  
  32  3:19  SCV  
  34  3:25  Command Center  
  34  3:30  SCV  
  34  3:32  Viking  
  36  3:34  SCV  
  36  3:37  Hellion  
  36  3:40  Hellion  
  41  3:43  SCV  
  41  3:46  SCV  
  43  3:50  Supply Depot  
  43  3:54  Liberator  
  43  3:56  SCV  
  43  3:58  SCV  
  45  4:08  SCV  
  46  4:11  Siege Tank, SCV  
  46  4:13  Barracks Tech Lab  
  53  4:20  SCV  
  54  4:27  Barracks  
  54  4:30  Supply Depot  
  54  4:31  Barracks  
  54  4:37  SCV x2, Marine  
  58  4:38  Orbital Command  
  57  4:49  Bunker  
  57  4:54  Marine  
  57  4:55  Supply Depot, Siege Tank  
  61  5:09  SCV  
  61  5:12  Marine  
  61  5:14  Marine  
  63  5:24  Marine x2  
  63  5:28  Orbital Command  
  63  5:30  Marine  
  63  5:33  Marine  
  63  5:37  Siege Tank  
  63  5:42  Marine x2  
  67  5:43  SCV  
  67  5:44  SCV  
  67  5:48  Marine  
  66  5:51  Marine  
  67  5:58  Supply Depot  
  67  6:00  Marine x2  
  67  6:03  Supply Depot  
  69  6:06  Marine  
  71  6:17  SCV x3, Marine x2  
  75  6:22  Barracks Tech Lab  
  75  6:30  SCV x2  
  77  6:35  Marine  
  77  6:37  Barracks Reactor  
  77  6:45  SCV x2  
  77  6:46  Marine x2  
  81  6:47  Factory Reactor, Stimpack  
  81  6:50  Supply Depot, SCV  
  82  6:55  Refinery x2  
  82  6:57  SCV, Engineering Bay  
  82  6:58  Engineering Bay  
  82  7:00  Marine  
  84  7:03  Marine  
  84  7:04  Barracks  
  85  7:08  Barracks  
  85  7:14  Marine x3  
  83  7:17  Liberator  
  83  7:18  Marine  
  83  7:19  Liberator  
  83  7:21  Marine  
  75  7:27  SCV x2  
  75  7:28  SCV  
  76  7:31  Marine  
  76  7:32  Orbital Command  
  76  7:33  Marine x2  
  85  7:42  Marine x2  
  87  7:45  Supply Depot  
  87  7:47  Missile Turret  
  87  7:48  SCV  
  87  7:49  SCV, Marine  
  87  7:50  Missile Turret  
  87  7:51  Factory Reactor, Missile Turret, Marine x2  
  92  7:59  SCV  
  92  8:01  Barracks Reactor x2  
  92  8:04  Terran Infantry Weapons Level 1  
  93  8:06  SCV x2  
  93  8:10  Terran Infantry Armor Level 1  
  93  8:11  Supply Depot  
  93  8:12  SCV  
  96  8:14  Marine x3  
  96  8:15  Marine  
  96  8:17  Marine  
  101  8:25  Missile Turret  
  101  8:29  Supply Depot  
  101  8:31  Supply Depot, SCV x3, Medivac  
  101  8:32  Medivac  
  108  8:36  Marine x4  
  108  8:37  Widow Mine  
  108  8:41  Marine x3  
  111  8:43  SCV x2  
  111  8:46  Marine  
  117  8:50  Marine  
  117  8:52  Combat Shields  
  117  8:54  Marine x4  
  122  8:59  Marine x2  
  122  9:02  Marine  
  125  9:03  Supply Depot  
  125  9:04  Armory  
  125  9:06  Widow Mine x2  
  125  9:08  Medivac  
  128  9:15  Marine  
  128  9:16  Marine x3  
  125  9:19  Marine x4  
  125  9:20  Marine  
  117  9:30  SCV  
  114  9:32  Supply Depot x2  
  114  9:33  Marine x3  
  114  9:35  Medivac, Widow Mine x2  
  114  9:37  Marine  
  114  9:38  Medivac, Marine  
  120  9:48  Marine x2  
  120  9:49  Marine  
  120  9:50  Marine  
  120  9:51  Marine  
  124  9:52  Marine  
  124  9:53  Marine  
  124  9:55  Marine x2  
  124  10:01  Supply Depot  
  124  10:06  Marine x3  
  125  10:07  Supply Depot  
  125  10:08  Marine  
  125  10:09  Marine  
Tags
 
Add a new tag
Caveats
  • Supply blocks, unpowered buildings, or Contaminate may cause inaccurate times.
  • Supply counts are checked every 10 seconds.